 Dungeon Crawl Stone Soup version 0.22-a0-189-g981819d (webtiles) character file.

161924 Fraydo the Executioner (level 17, 0/241 (243) HPs)
             Began as a Minotaur Berserker on Feb 14, 2018.
             Was the Champion of Trog.
             Slain by a salamander
             ... wielding a +0 spear
              (9 damage)
             ... on level 3 of the Snake Pit on Feb 15, 2018.
             The game lasted 01:07:29 (24911 turns).

Fraydo the Executioner (Minotaur Berserker)        Turns: 24911, Time: 01:07:31

HP:   0/241 (243)   AC: 29    Str: 40    XL:     17   Next: 21%
MP:   16/16         EV: 16    Int:  3    God:    Trog [******]
Gold: 272           SH:  6    Dex: 15    Spells: 16/16 levels left

rFire    . . .     SeeInvis .   J - +6 broad axe of the Fray {flame, +Fly rElec Str+5}
rCold    . . .     Gourm    .   B - +0 buckler
rNeg     + . .     Faith    .   t - +1 plate armour
rPois    +         Spirit   .   (helmet restricted)
rElec    +         Reflect  .   N - +2 ratskin cloak {+Rats rPois rN+ Str-1 Int-1 Dex+1}
rCorr    +         Harm     .   p - +2 pair of gloves {Str+3}
MR       ++...                  o - +2 pair of boots {Stlth+}
Stlth    ..........             Z - amulet of regeneration
HPRegen  0.90/turn              F - ring of resist corrosion (curse)
MPRegen  0.15/turn              b - ring of Hovasaut {rElec MR+ Str+3}

@: berserking (expiring), lethally poisoned (0 -> -2), very quick
A: retaliatory headbutt, horns 2
a: Berserk, Trog's Hand, Brothers in Arms, Burn Spellbooks, Renounce Religion,
Evoke Ratskin, Evoke Flight


You were on level 3 of the Snake Pit.
You worshipped Trog.
Trog was exalted by your worship.
You were not hungry.

You visited 5 branches of the dungeon, and saw 27 of its levels.
You also visited: Ice Cave.

You collected 2846 gold pieces.
You spent 2574 gold pieces at shops.

Inventory:

Hand Weapons
 j - a +4 antimagic battleaxe
 q - a +2 battleaxe of distortion
 J - the +6 broad axe of the Fray (weapon) {flame, +Fly rElec Str+5}
   (You bought it in a shop on level 11 of the Dungeon)

   It has been specially enchanted to burn those struck by it, causing extra
   injury to most foes and up to half again as much damage against particularly
   susceptible opponents.
   Big, fiery blades are also staple armaments of hydra-hunters.
   It affects your strength (+5).
   It insulates you from electricity.
   It lets you fly.
 R - a +4 broad axe of chopping
 W - a +2 vampiric battleaxe
 X - a +6 executioner's axe of electrocution
Missiles
 r - 2 silver javelins (quivered)
Armour
 o - a +2 pair of boots of stealth (worn)
 p - a +2 pair of gloves of strength (worn)
 t - a +1 plate armour (worn)
 y - a +0 large shield
 B - a +0 buckler (worn)
 N - the +2 ratskin cloak (worn) {+Rats rPois rN+ Str-1 Int-1 Dex+1}
   (You found it in an ice cave)

   It affects your strength (-1).
   It affects your intelligence (-1).
   It affects your dexterity (+1).
   It protects you from poison.
   It protects you from negative energy.
Jewellery
 b - the ring of Hovasaut (right hand) {rElec MR+ Str+3}
   (You bought it in a shop on level 2 of the Orcish Mines)

   [ring of strength]

   It affects your strength (+3).
   It insulates you from electricity.
   It affects your resistance to hostile enchantments.
 A - an uncursed ring of ice {unknown}
 F - a cursed ring of resist corrosion (left hand)
 Z - an amulet of regeneration (around neck)
Wands
 m - a wand of digging (22)
 u - a wand of random effects (20)
 H - a wand of polymorph (13)
 L - a wand of iceblast (19)
 T - a wand of acid (37)
Scrolls
 h - 17 scrolls of identify
 k - 15 scrolls of teleportation
 l - 16 scrolls of remove curse
 n - 8 scrolls of fog
 s - a scroll of blinking
 v - 4 scrolls of enchant weapon
 C - 2 scrolls of enchant armour
 D - 4 scrolls of immolation
 E - 3 scrolls of magic mapping
 S - 2 scrolls of vulnerability
 V - 2 scrolls of fear
Potions
 a - 7 potions of agility
 d - 5 potions of flight {unknown}
 e - 6 potions of lignification {unknown}
 f - 3 potions of berserk rage {unknown}
 g - 4 potions of might
 i - 12 potions of curing
 w - 3 potions of ambrosia {unknown}
 x - 2 potions of mutation {unknown}
 z - a potion of brilliance {unknown}
 G - 6 potions of haste
 I - 4 potions of heal wounds
 K - 2 potions of resistance {unknown}
 O - 3 potions of invisibility {unknown}
 Y - a potion of cancellation {unknown}
Comestibles
 c - 45 rations


   Skills:
 + Level 17.6 Fighting
 + Level 23.5 Axes
 - Level 15.7 Armour
 - Level 10.3 Dodging
 + Level 6.2 Shields


You had 16 spell levels left.
You didn't know any spells.

Dungeon Overview and Level Annotations

Branches:
Dungeon (15/15)            Temple (0/1) D:5            Lair (6/6) D:8
 Shoals (0/4) Lair:3        Snake (3/4) Lair:3        Slime (0/5) Lair:6
    Orc (2/2) D:10            Elf (1/3) Orc:2        Vaults (0/5) D:13
 Depths (0/5) D:15

Altars:
Elyvilon
Gozag
Makhleb
Nemelex Xobeh
Qazlal
Ru
Trog
Vehumet
Xom
The Shining One
Beogh
Jiyva

Shops:
D:4 *:?*   D:6 :   D:8 !   D:11 ((=   D:15 !   Orc:1 (   Orc:2 ==!*   Snake:1 *
Snake:2 [

Annotations:
Snake:3 Vashnia


Innate Abilities, Weirdness & Mutations

You reflexively headbutt those who attack you in melee.
You have a pair of horns on your head.


Message History

You closely miss the black mamba. The salamander closely misses you.
You barely miss the naga warrior.
The naga warrior is lightly wounded.
You open the black mamba like a pillowcase!!!
You burn the black mamba.
You kill the black mamba!
Trog accepts your kill. Vashnia spits poison at you.
The splash of poison hits you!
You are more poisoned.
You resist.
* * * LOW HITPOINT WARNING * * *
The naga sharpshooter mumbles some strange words.
The naga sharpshooter magically shoots an arrow.
The arrow hits you!
* * * LOW HITPOINT WARNING * * *
x2 The salamander hits you from afar with a spear.
* * * LOW HITPOINT WARNING * * *
You are engulfed in flames!
You die...

.. ## . .. ##### ...#
#...# #....##.))#
#NN).).# ...##)N(.##
#.N†@(.## #####
#.##))..# ###[..#####
SS.##..((###..........
##......N..(..#...#####
..#.......######## #..
...S.###.(.# ##..
.##### #...# #>.. #####
#... #...


You could see Vashnia, a naga warrior, a naga sharpshooter, a salamander and a
naga ritualist.

Vanquished Creatures
  Rupert (D:13)
  Gastronok (D:10)
  Louise (D:14)
  A dire elephant (D:15)
  A fire dragon (Lair:6)
  Josephine (D:10)
  6 naga warriors (Snake:1)
  4 vault guards (D:13)
  12 hydras
  Erolcha (D:10)
  A catoblepas (Lair:5)
  5 centaur warriors
  3 death yaks (Lair:6)
  A tengu warrior (D:9)
  Erica (D:10)
  13 anacondas
  15 two-headed ogres
  3 ogre magi
  2 dancing weapons (Elf:1)
  4 shock serpents
  10 naga sharpshooters
  Urug (D:14)
  Nergalle (Lair:3)
  A salamander mystic (Snake:3)
  2 unseen horrors (D:11)
  2 deep trolls (Orc:2)
  A sea snake (Snake:1)
  5 naga ritualists
  3 deep elf archers
  A wolf spider zombie (D:15)
  A wizard (D:13)
  2 lindwurms (Lair:6)
  2 orc sorcerers
  4 mana vipers
  3 orc knights
  11 deep elf magi
  5 oklob plants
  A necromancer (IceCv)
  6 manticores
  6 salamanders
  8 ugly things
  6 cyclopes
  34 black mambas
  2 centaur zombies
  7 elephants (Lair:6)
  A guardian serpent (Snake:1)
  2 torpor snails
  9 spiny frogs
  A gargoyle (D:13)
  Joseph (D:10)
  3 ice statues (IceCv)
  10 naga magi
  3 molten gargoyles (Lair:6)
  2 kobold demonologists
  2 rime drakes
  8 ice devils (IceCv)
  9 komodo dragons
  A tengu conjurer (D:13)
  14 trolls
  13 blink frogs
  A polar bear (Lair:6)
  3 slime creatures
  13 hippogriffs
  Prince Ribbit (D:7)
  18 dream sheep
  2 air elementals (Elf:1)
  A meliai zombie (D:15)
  A spriggan (D:7)
  42 yaks
  3 wyverns
  6 wraiths
  A vampire (D:10)
  2 water elementals (Elf:1)
  7 basilisks
  A human (D:13)
  A hungry ghost (D:11)
  3 wargs
  An acid dragon (D:12)
  17 water moccasins
  3 soldier ants
  17 nagas
  9 porcupines
  4 hell hounds (Lair:6)
  An eye of draining (D:8)
  A hornet zombie (D:15)
  An ice beast (D:7)
  25 orc warriors
  6 phantoms
  2 sky beasts (D:9)
  4 boggarts (D:15)
  41 ogres
  4 black bears
  3 necrophages
  17 wolves
  15 centaurs
  10 crocodiles
  19 bullfrogs
  A wyvern zombie (D:10)
  3 scorpions
  9 killer bees
  2 howler monkeys (D:9)
  4 crimson imps
  2 draconian simulacra (IceCv)
  5 jellies
  5 lava snakes (Lair:6)
  23 orc priests
  3 hounds
  A bullfrog skeleton (D:3)
  29 orc wizards
  10 iguanas
  9 centaur skeletons
  A hell rat (Lair:3)
  6 worker ants
  A spriggan simulacrum (IceCv)
  3 troll simulacra (IceCv)
  A centaur simulacrum (IceCv)
  A hound zombie (D:5)
  A hound skeleton (D:11)
  A worker ant zombie (D:11)
  Robin (D:2)
  10 gnolls
  A naga simulacrum (IceCv)
  20 adders
  2 ogre simulacra (IceCv)
  2 shadow imps (D:5)
  2 oozes (D:1)
  An adder skeleton (D:4)
  3 worms
  3 dart slugs
  4 leopard geckos
  100 orcs
  8 bats
  4 giant cockroaches
  14 goblins
  7 hobgoblins
  14 jackals
  6 quokkas
  6 ball pythons
  8 frilled lizards
  2 kobolds
  A leopard gecko skeleton (D:4)
  A leopard gecko zombie (D:7)
  6 rats
  3 fungi
  3 plants
940 creatures vanquished.

Vanquished Creatures (others)
  A deep elf mage (Elf:1)
  A hungry ghost (D:15)
  2 fungi (Lair:1)
  2 plants (Lair:5)
6 creatures vanquished.

Grand Total: 946 creatures vanquished

Notes
Turn   | Place    | Note
-------+----------+-------------------------------------------
     0 | D:1      | Fraydo the Minotaur Berserker began the quest for the Orb.
     0 | D:1      | Reached XP level 1. HP: 19/19 MP: 0/0
   234 | D:1      | Reached skill level 4 in Axes
   329 | D:1      | Reached XP level 2. HP: 27/27 MP: 1/1
   744 | D:2      | Found an opulent altar of Gozag.
   745 | D:2      | Found a sacrificial altar of Ru.
   754 | D:2      | Reached XP level 3. HP: 29/33 MP: 2/2
   812 | D:2      | Noticed Robin
   818 | D:2      | Reached ** piety under Trog
   825 | D:2      | Reached skill level 5 in Axes
   831 | D:2      | Killed Robin
   862 | D:2      | Found a sacrificial altar of Ru.
  1110 | D:2      | Reached XP level 4. HP: 35/41 MP: 3/3
  1497 | D:2      | Found a burning altar of Makhleb.
  1836 | D:3      | Reached skill level 6 in Axes
  1992 | D:3      | Noticed an ogre
  1996 | D:3      | Killed an ogre
  1996 | D:3      | Reached skill level 5 in Fighting
  1996 | D:3      | Reached XP level 5. HP: 48/48 MP: 4/4
  2166 | D:3      | Reached skill level 7 in Axes
  2213 | D:3      | Reached XP level 6. HP: 56/56 MP: 5/5
  2290 | D:3      | Reached *** piety under Trog
  2527 | D:4      | Found Nilofi Vogh's General Store.
  2527 | D:4      | Found Satuotij's Magic Scroll Shoppe.
  2534 | D:4      | Reached skill level 8 in Axes
  2546 | D:4      | Found Bal Lano's Assorted Antiques.
  2547 | D:4      | Found Bygudgh's Book Shoppe.
  2554 | D:4      | Bought a scroll of identify for 20 gold pieces
  2554 | D:4      | Bought a potion of agility for 40 gold pieces
  2563 | D:4      | Bought a scroll labeled BIOXIR EXTOH for 24 gold pieces
  2587 | D:4      | Bought 2 sapphire potions for 43 gold pieces
  2614 | D:4      | Reached XP level 7. HP: 64/64 MP: 6/6
  2617 | D:4      | Found a shimmering altar of Xom.
  2908 | D:4      | Found a white marble altar of Elyvilon.
  2908 | D:4      | Found a radiant altar of Vehumet.
  2965 | D:5      | Entered Level 5 of the Dungeon
  3017 | D:5      | Reached **** piety under Trog
  3150 | D:5      | Reached skill level 9 in Axes
  3265 | D:5      | Found a staircase to the Ecumenical Temple.
  3445 | D:6      | Reached XP level 8. HP: 73/73 MP: 7/7
  3725 | D:6      | Identified Qyxkattu's Grimoire of Ice and Summoning
  3764 | D:6      | Found a bloodstained altar of Trog.
  3770 | D:6      | Reached skill level 5 in Armour
  3794 | D:6      | Found Coezoriv's Book Boutique.
  4085 | D:7      | Reached skill level 10 in Axes
  4247 | D:7      | Noticed Prince Ribbit
  4254 | D:7      | Killed Prince Ribbit
  4254 | D:7      | Reached XP level 9. HP: 66/83 MP: 8/8
  4336 | D:7      | Reached skill level 1 in Shields
  4899 | D:8      | Reached skill level 11 in Axes
  5088 | D:8      | Found a stormy altar of Qazlal.
  5187 | D:8      | Found a staircase to the Lair.
  5191 | D:8      | Reached ***** piety under Trog
  5192 | D:8      | Reached skill level 10 in Fighting
  5542 | D:8      | Found Nublim's Distillery.
  5570 | D:8      | Bought a potion of haste for 140 gold pieces
  5570 | D:8      | Bought a potion of heal wounds for 70 gold pieces
  5570 | D:8      | Bought a potion of curing for 42 gold pieces
  5570 | D:8      | Bought a potion of degeneration for 14 gold pieces
  5752 | Lair:1   | Entered Level 1 of the Lair of Beasts
  5945 | Lair:1   | Reached XP level 10. HP: 80/94 MP: 9/9
  5974 | Lair:1   | Reached skill level 12 in Axes
  5988 | Lair:1   | Noticed a four-headed hydra
  5997 | Lair:1   | Killed a seven-headed hydra
  6236 | Lair:1   | Reached skill level 13 in Axes
  6388 | Lair:2   | Found a glowing golden altar of the Shining One.
  6388 | Lair:2   | Noticed an oklob plant
  6402 | Lair:2   | Killed an oklob plant
  6492 | Lair:2   | Noticed a seven-headed hydra
  6502 | Lair:2   | Killed an 11-headed hydra
  6727 | Lair:2   | Noticed a spiny frog
  6732 | Lair:2   | Killed a spiny frog
  6732 | Lair:2   | Reached skill level 14 in Axes
  7040 | Lair:3   | Found a staircase to the Shoals.
  7041 | Lair:3   | Noticed a manticore
  7047 | Lair:3   | Killed a manticore
  7047 | Lair:3   | Reached XP level 11. HP: 83/104 MP: 10/10
  7054 | Lair:3   | Received a gift from Trog
  7223 | Lair:3   | Found a staircase to the Snake Pit.
  7271 | Lair:3   | Noticed Nergalle
  7289 | Lair:3   | Killed Nergalle
  7438 | Lair:3   | Reached skill level 15 in Axes
  7968 | Snake:1  | Entered Level 1 of the Snake Pit
  7968 | Snake:1  | Noticed an anaconda
  7970 | Snake:1  | Noticed a sea snake
  7984 | Snake:1  | Killed an anaconda
  7985 | Snake:1  | Killed a sea snake
  7995 | Snake:1  | Noticed a mana viper
  8004 | Snake:1  | Killed a mana viper
  8121 | Lair:4   | Noticed a six-headed hydra
  8129 | Lair:4   | Killed a ten-headed hydra
  8129 | Lair:4   | Reached skill level 16 in Axes
  8474 | Lair:4   | Reached XP level 12. HP: 44/115 MP: 11/11
  9174 | Lair:5   | Noticed a four-headed hydra
  9180 | Lair:5   | Killed a six-headed hydra
  9180 | Lair:5   | Received a gift from Trog
  9180 | Lair:5   | Reached skill level 17 in Axes
  9447 | Lair:5   | Noticed a six-headed hydra
  9454 | Lair:5   | Killed an eight-headed hydra
  9512 | Lair:5   | Found a frozen archway.
  9547 | IceCv    | Entered an ice cave
 10340 | IceCv    | Reached skill level 18 in Axes
 10440 | IceCv    | Found the +2 ratskin cloak {+Rats rPois rN+ Str-1 Int-1 Dex+1}
 10602 | Lair:5   | Noticed a five-headed hydra
 10604 | Lair:5   | Noticed a six-headed hydra
 10616 | Lair:5   | Killed an eight-headed hydra
 10623 | Lair:5   | Killed a 12-headed hydra
 10623 | Lair:5   | Reached XP level 13. HP: 125/125 MP: 12/12
 10683 | Lair:5   | Received a gift from Trog
 10720 | Lair:5   | Identified the Grimoire of the Ageless Deaths
 11059 | Lair:6   | Entered Level 6 of the Lair of Beasts
 11087 | Lair:6   | Reached skill level 10 in Armour
 11153 | Lair:6   | Reached skill level 19 in Axes
 11670 | Lair:6   | Noticed a fire dragon
 11709 | Lair:6   | Found a large runed door.
 11710 | Lair:6   | Found a large runed door.
 11796 | Lair:6   | Received a gift from Trog
 11805 | Lair:6   | Found a viscous altar of Jiyva.
 11805 | Lair:6   | Found a staircase to the Slime Pits.
 12528 | Lair:6   | Reached skill level 20 in Axes
 12621 | Lair:6   | Reached XP level 14. HP: 118/133 MP: 13/13
 12788 | Lair:6   | Reached ****** piety under Trog
 12788 | Lair:6   | Received a gift from Trog
 14074 | D:9      | Found a sparkling altar of Nemelex Xobeh.
 14188 | D:10     | Entered Level 10 of the Dungeon
 14189 | D:10     | Upgraded the game from 0.22-a0-179-gb5258fd to 0.22-a0-183-g9e71ff9
 14286 | D:10     | Found a staircase to the Orcish Mines.
 14287 | D:10     | Noticed Gastronok
 14293 | D:10     | Noticed Erica
 14312 | D:10     | Killed Erica
 14313 | D:10     | Received a gift from Trog
 14322 | D:10     | Killed Gastronok
 14531 | D:10     | Noticed Josephine
 14535 | D:10     | Noticed Erolcha
 14539 | D:10     | Killed Josephine
 14550 | D:10     | Killed Erolcha
 14669 | D:10     | Noticed Joseph
 14681 | D:10     | Killed Joseph
 14941 | D:11     | Reached skill level 21 in Axes
 15121 | D:11     | Received a gift from Trog
 15198 | D:11     | Found an opulent altar of Gozag.
 15268 | D:11     | Found Zaiq's Antique Weapon Shoppe.
 15271 | D:11     | Bought a glowing battleaxe for 323 gold pieces
 15560 | D:11     | Found Kiosti Guem's Jewellery Shoppe.
 15601 | D:11     | Bought an uncursed amulet of regeneration for 330 gold pieces
 15660 | D:11     | Found Cyteitucad's Weapon Shoppe.
 15903 | Orc:1    | Entered Level 1 of the Orcish Mines
 15912 | Orc:1    | Found Gewydyoch's Antique Weapon Emporium.
 16125 | Orc:2    | Entered Level 2 of the Orcish Mines
 16382 | Orc:2    | Reached skill level 15 in Armour
 16558 | Orc:2    | Reached XP level 15. HP: 138/138 MP: 14/14
 16559 | Orc:2    | Received a gift from Trog
 16655 | Orc:2    | Found Zerphuac's Jewellery Boutique.
 16676 | Orc:2    | Found Garipruku's General Store.
 16859 | Orc:2    | Found a staircase to the Elven Halls.
 16890 | Orc:2    | Found Nunn's Jewellery Emporium.
 16902 | Orc:2    | Found Esui's Distillery.
 16906 | Orc:2    | Bought the ring of Hovasaut {rElec MR+ Str+3} for 388 gold pieces
 16913 | Orc:2    | Bought a potion of might for 56 gold pieces
 17074 | Elf:1    | Entered Level 1 of the Elven Halls
 17294 | Elf:1    | Received a gift from Trog
 17428 | Elf:1    | Paralysed by an orc sorcerer for 3 turns
 17765 | Orc:1    | You fall through a shaft!
 18518 | D:12     | Reached skill level 22 in Axes
 18891 | D:13     | Identified the Guide on Helpful Weightlessness
 19050 | D:13     | Reached skill level 15 in Fighting
 19150 | D:13     | Reached skill level 5 in Dodging
 19244 | D:13     | Noticed Rupert
 19258 | D:13     | Killed Rupert
 19318 | D:13     | Received a gift from Trog
 19628 | D:13     | Found a gate to the Vaults.
 20498 | D:14     | Noticed Urug
 20509 | D:14     | Killed Urug
 20509 | D:14     | Reached XP level 16. HP: 116/149 MP: 15/15
 20588 | D:14     | Noticed Louise
 20609 | D:14     | Killed Louise
 20860 | D:15     | Entered Level 15 of the Dungeon
 21016 | D:15     | Found Ihier's Distillery.
 21018 | D:15     | Received a gift from Trog
 21032 | D:15     | Found a roughly hewn altar of Beogh.
 21167 | D:15     | Found a white marble altar of Elyvilon.
 21426 | D:15     | Found a staircase to the Depths.
 22255 | Snake:1  | Received a gift from Trog
 22607 | Snake:1  | Reached skill level 23 in Axes
 22868 | Snake:1  | Found Diakir's General Store.
 22892 | Snake:1  | Identified a scroll of acquirement
 23263 | Snake:1  | Upgraded the game from 0.22-a0-183-g9e71ff9 to 0.22-a0-189-g981819d
 23484 | Snake:2  | Reached skill level 10 in Dodging
 23539 | Snake:2  | Received a gift from Trog
 23906 | Snake:2  | Found Neram's Antique Armour Boutique.
 24187 | Snake:2  | Reached XP level 17. HP: 138/160 MP: 16/16
 24491 | D:11     | Bought the +6 broad axe of the Fray {flame, +Fly rElec Str+5} for 1084 gold pieces
 24730 | Snake:3  | Reached skill level 5 in Shields
 24878 | Snake:3  | Noticed Vashnia
 24911 | Snake:3  | HP: 12/241 [naga sharpshooter/arrow[Vashnia] (12)]
 24911 | Snake:3  | Slain by a salamander

Vault maps used:
D:1:      lemuel_arrival_tunnels, st_stairs_7
D:2:      lemuel_crystal_altar, chequers_temple_overflow_statue_of_worship,
          nicolae_ru_great_annihilating_truth, uniq_robin
D:4:      gammafunk_temple_overflow_pools, overflow_temple_1_default,
          minmay_shop_grid_forest
D:5:      minmay_temple_entry_butterflies, first_ration, kennysheep_another_room
D:6:      trog_ov_bears_minmay, serial_shops, shop
D:7:      the_bakery, uniq_prince_ribbit1
D:8:      nicolae_qazlal_style_of_elements, erik_lair_orcish_takeover,
          serial_shops, shop_fountains
D:9:      minmay_bloctagon, nemelex_xobeh_ov_fountains_minmay
D:10:     hiddenorc2_lemuel, nrook_loot_triangle, uniq_joseph, uniq_erica,
          uniq_josephine, uniq_erolcha, uniq_gastronok
D:11:     serial_shops, kennysheep_mini_moat, nicolae_shop_crystal,
          kennysheep_mini, nicolae_gozag_seed_capital
D:13:     grunt_vaults_entry_fortified, uniq_rupert
D:14:     small_statue_intersection, st_stairs_6, small_statue_alley_a,
          uniq_louise, uniq_urug
D:15:     hangedman_depths_entry_try_elsewhere_first, special_room,
          elyvilon_altar_5, serial_shops, shop, lemuel_flamethrower_2
Lair:2:   lemuel_oklob_altar
Lair:3:   minmay_shoals_entry_beasts, minmay_snake_entry_guardpost_small,
          lab_entry_generic, st_stairs_6, beast_lair_carwin_5, uniq_nergalle
Lair:5:   portal_ice_cave_entry_pillars_1, minivault_25,
          kennysheep_catoblepas_arena, serial_bayou_shore_b,
          serial_bayou_shore_b, minmay_lair_oklob_chamber, grunt_megastairs_4
Lair:6:   cheibrodos_lair_end_hotspot, dpeg_slime_entry_enclosed_altar,
          grunt_megastairs_3, infiniplex_staircase_pool_2
Snake:1:  serial_shops, shop, nicolae_snake_springs, grunt_megastairs_1,
          lemuel_fruit_tree
Snake:2:  serial_shops, nicolae_shop_stone, special_room
Snake:3:  kennysheep_six_static_rooms, uniq_vashnia
Orc:1:    serial_shops, shop
Orc:2:    st_orc_open
Elf:1:    hangedman_elf_disciples, spider_trap
IceCv:    ice_cave_tombish

Skill      XL: |  1  2  3  4  5  6  7  8  9 10 11 12 13 14 15 16 17 |
---------------+----------------------------------------------------+-----
Axes           | 4 5 6 7 8 9 10 11 14 16 18 20 21 22 23 | 23.5
Fighting       | 4 5 6 7 9 10 12 13 14 15 17 | 17.6
Armour         | 4 6 8 12 15 | 15.7
Shields        | 4 6 |  6.2
Dodging        | 6 10 | 10.3

Action                   |  1- 3 |  4- 6 |  7- 9 | 10-12 | 13-15 | 16-18 || total
-------------------------+-------+-------+-------+-------+-------+-------++-------
Melee: Hand axe          |    64 |    31 |       |       |       |       ||    95
       Headbutt          |     9 |    25 |    63 |   105 |   254 |   134 ||   590
       War axe           |       |    70 |   268 |       |       |       ||   338
       Battleaxe         |       |       |    23 |   244 |   277 |   233 ||   777
       Broad axe         |       |       |       |   144 |   717 |    67 ||   928
       Executioner's axe |       |       |       |       |       |   157 ||   157
Invok: Berserk           |     1 |     1 |     1 |    10 |    12 |     4 ||    29
       Burn Spellbooks   |       |       |       |     2 |     4 |       ||     6
  Use: Scroll            |       |     3 |     2 |       |     2 |    10 ||    17
       Potion            |       |       |       |     4 |     2 |       ||     6
 Stab: Sleeping          |     1 |       |       |       |       |       ||     1
       Paralysed         |       |     1 |       |       |       |       ||     1
  Eat: Chunk             |     1 |     6 |    12 |    20 |    44 |    10 ||    93
       Ration            |       |       |       |     1 |     1 |     4 ||     6
Armor: Animal skin       |    13 |     2 |       |       |       |       ||    15
       Ring mail         |       |    11 |       |       |       |       ||    11
       Plate armour      |       |    28 |   130 |   286 |   574 |   270 ||  1288
Dodge: Dodged            |    39 |    60 |   150 |   198 |   335 |   257 ||  1039
Block: Buckler           |       |       |       |    23 |   119 |    24 ||   166

Table legend:
 A = Spawn XP
 B = Non-spawn XP
 C = Spawn XP percentage of total XP
 D = Spawn monster count
 E = Non-spawn monster count
 F = Spawn count percentage of total count
 G = Total turns spent on level
                    A         B        C        D         E        F      G
               +---------+---------+-------+---------+---------+-------+---------
         Total |       0 |  231321 |   0.0 |       0 |     935 |   0.0 | 24911
               +---------+---------+-------+---------+---------+-------+---------
           D:1 |       0 |      33 |   0.0 |       0 |      16 |   0.0 |   744
           D:2 |       0 |      97 |   0.0 |       0 |      33 |   0.0 |  1020
           D:3 |       0 |     324 |   0.0 |       0 |      23 |   0.0 |   677
           D:4 |       0 |     458 |   0.0 |       0 |      21 |   0.0 |   524
           D:5 |       0 |     512 |   0.0 |       0 |      26 |   0.0 |   466
           D:6 |       0 |     660 |   0.0 |       0 |      10 |   0.0 |   606
           D:7 |       0 |    1540 |   0.0 |       0 |      27 |   0.0 |   750
           D:8 |       0 |    1471 |   0.0 |       0 |      29 |   0.0 |  1087
           D:9 |       0 |    7073 |   0.0 |       0 |      46 |   0.0 |   749
          D:10 |       0 |   11861 |   0.0 |       0 |      62 |   0.0 |   860
          D:11 |       0 |    4379 |   0.0 |       0 |      21 |   0.0 |  1036
          D:12 |       0 |    3973 |   0.0 |       0 |      19 |   0.0 |   791
          D:13 |       0 |   23256 |   0.0 |       0 |      56 |   0.0 |  1469
          D:14 |       0 |    7960 |   0.0 |       0 |      19 |   0.0 |   708
          D:15 |       0 |   17691 |   0.0 |       0 |      67 |   0.0 |   820
        Lair:1 |       0 |    2980 |   0.0 |       0 |      17 |   0.0 |   767
        Lair:2 |       0 |    2361 |   0.0 |       0 |       6 |   0.0 |   661
        Lair:3 |       0 |    5088 |   0.0 |       0 |      22 |   0.0 |  1296
        Lair:4 |       0 |    5422 |   0.0 |       0 |      25 |   0.0 |  1068
        Lair:5 |       0 |   15604 |   0.0 |       0 |      45 |   0.0 |   983
        Lair:6 |       0 |   24905 |   0.0 |       0 |      77 |   0.0 |  2240
       Snake:1 |       0 |   29838 |   0.0 |       0 |      60 |   0.0 |  1232
       Snake:2 |       0 |   14712 |   0.0 |       0 |      28 |   0.0 |  1038
       Snake:3 |       0 |   14688 |   0.0 |       0 |      26 |   0.0 |   186
         Orc:1 |       0 |    3297 |   0.0 |       0 |      33 |   0.0 |   458
         Orc:2 |       0 |   18213 |   0.0 |       0 |      82 |   0.0 |  1100
         Elf:1 |       0 |    8126 |   0.0 |       0 |      17 |   0.0 |   554
         IceCv |       0 |    4799 |   0.0 |       0 |      22 |   0.0 |  1021
               +---------+---------+-------+---------+---------+-------+---------
